 Dungeon Crawl Stone Soup version 0.20.1-1-g8b1a95d66d (webtiles) character file.

17793 Dommiel19 the Severer (level 12, -14/169 HPs)
             Began as a Minotaur Berserker on Nov 19, 2017.
             Was a High Priest of Trog.
             Demolished by a large abomination (23 damage)
             ... on level 2 of the Abyss.
             The game lasted 00:33:41 (14629 turns).

Dommiel19 the Severer (Minotaur Berserker)         Turns: 14629, Time: 00:33:42

Health: -14/169    AC: 16    Str: 33    XL:     12   Next: 22%
Magic:  11/11      EV:  9    Int:  4    God:    Trog [*****.]
Gold:   740        SH:  0    Dex:  9    Spells: 11/11 levels left

rFire    . . .     SeeInvis .   v - +1 broad axe
rCold    . . .     Gourm    .   (no shield)
rNeg     . . .     Faith    .   s - +0 plate armour
rPois    .         Spirit   .   (helmet restricted)
rElec    .         Reflect  .   (no cloak)
rCorr    .         Harm     .   (no gloves)
MR       .....                  p - +1 pair of boots
Stlth    ..........             (no amulet)
Regen    0.4/turn               g - ring of stealth
MPRegen  0.2/turn               (no ring)

@: berserking, slowed
A: retaliatory headbutt, horns 2
a: Berserk, Trog's Hand, Brothers in Arms, Burn Spellbooks, Renounce Religion


You were on level 2 of the Abyss.
You worshipped Trog.
Trog was extremely pleased with you.
You were very full.

You visited 2 branches of the dungeon, and saw 12 of its levels.
You visited the Abyss 1 time.
You also visited: Ossuary.

You collected 740 gold pieces.

Inventory:

Hand Weapons
 v - a +1 broad axe (weapon)
 F - a +0 battleaxe
Missiles
 n - 448 stones (quivered)
Armour
 p - a +1 pair of boots (worn)
 s - a +0 plate armour (worn)
Jewellery
 a - an uncursed ring of stealth
 g - a ring of stealth (left hand)
 w - an uncursed ring of resist corrosion {unknown}
 D - an uncursed ring of resist corrosion {unknown}
 K - a +1 ring of protection {unknown}
Wands
 q - a wand of disintegration (12/24)
 G - a wand of scattershot (4/9)
 M - a wand of digging (10/24)
Scrolls
 e - 5 scrolls of recharging
 h - 5 scrolls of magic mapping
 k - 10 scrolls of remove curse
 l - 8 scrolls of identify
 r - a scroll of teleportation
 u - a scroll of fear
 y - a scroll of immolation
 B - 3 scrolls of fog
 I - a scroll of enchant armour
Potions
 b - a potion of lignification
 d - 8 potions of curing
 f - 2 potions of flight
 i - 2 potions of brilliance
 m - 3 potions of haste
 t - 4 potions of agility
 z - 4 potions of invisibility
 C - a potion of magic {unknown}
 H - a potion of might
Books
 j - a book of Geomancy

   Spells                             Type                      Level
   a - Sandblast                      Earth                        1
   b - Passwall                       Transmutation/Earth          2
   c - Stone Arrow                    Conjuration/Earth            3
   d - Petrify                        Transmutation/Earth          4
   e - Lee's Rapid Deconstruction     Earth                        5
   Trog disapproves of the use of such an item.
 x - a book of Clouds

   Spells                             Type                      Level
   a - Poisonous Vapours              Poison/Air                   2
   b - Mephitic Cloud                 Conjuration/Poison/Air       3
   c - Conjure Flame                  Conjuration/Fire             3
   d - Freezing Cloud                 Conjuration/Ice/Air          6
   e - Ring of Flames                 Charms/Fire                  7
   Trog disapproves of the use of such an item.
 E - a book of Geomancy

   Spells                             Type                      Level
   a - Sandblast                      Earth                        1
   b - Passwall                       Transmutation/Earth          2
   c - Stone Arrow                    Conjuration/Earth            3
   d - Petrify                        Transmutation/Earth          4
   e - Lee's Rapid Deconstruction     Earth                        5
   Trog disapproves of the use of such an item.
 L - a book of Callings

   Spells                             Type                      Level
   a - Summon Small Mammal            Summoning                    1
   b - Call Imp                       Summoning                    2
   c - Call Canine Familiar           Summoning                    3
   d - Summon Guardian Golem          Hexes/Summoning              3
   e - Summon Lightning Spire         Summoning/Air                4
   f - Summon Ice Beast               Ice/Summoning                4
   Trog disapproves of the use of such an item.
Miscellaneous
 J - a fan of gales
Comestibles
 c - 7 bread rations


   Skills:
 + Level 12.9 Fighting
 * Level 17.3 Axes
 + Level 9.8 Armour
 - Level 2.1 Dodging


You had 11 spell levels left.
You didn't know any spells.

Dungeon Overview and Level Annotations

Branches:
Dungeon (9/15)             Temple (0/1) D:7            Lair (3/6) D:9
  Swamp: Lair:2-4    Shoals: Lair:2-4     Snake: Lair:2-4    Spider: Lair:2-4
    Orc: D:9-12

Altars:
Fedhas
Gozag
Kikubaaqudgha
Makhleb
Nemelex Xobeh
Okawaru
Qazlal
Ru
Vehumet
Xom
Zin
The Shining One
Beogh

Annotations:
D:4 exclusion: statue
Lair:3 Sonja


Innate Abilities, Weirdness & Mutations

You reflexively headbutt those who attack you in melee.
You have a pair of horns on your head.


Message History

Found a gateway leading deeper into the Abyss.
You have turned to stone.
The large abomination hits you but does no damage.
The large abomination hits you!! x2
The large abomination hits you!
The large abomination hits you but does no damage.
The large abomination hits you!! The large abomination hits you!!
* * * LOW HITPOINT WARNING * * *
The large abomination hits you!
* * * LOW HITPOINT WARNING * * *
You are no longer glowing.
The large abomination hits you but does no damage.
You turn to flesh and can move again.
A red film seems to cover your vision as you go berserk!
You feel yourself moving faster!
You feel mighty! The large abomination hits you!!
* * * LOW HITPOINT WARNING * * *
The large abomination hits you!!
You die...

# ... ## .. .>###
##. # ##.... #.###
#. #. #..##.#.# .
#..##$### #X.#..
#...X@X# §.t#.##
....>.###...##...#
# ....## . §.###
.#....# ...##. §
##. .# #..# ..#≈
..#.#.... #.. #..
..#.#.# #. t#.§ #
# . . ..#..# ..
§## ..... .
..##..#
.....#..##. ...
..#


You could see 2 large abominations.

Vanquished Creatures
  2 hydras
  The ghost of timpakay the Covert, a journeyman OpEn of Uskayaw (Lair:2)
  2 two-headed ogres
  Nergalle (Lair:2)
  A cyclops (D:8)
  A black mamba (Lair:2)
  4 spiny frogs
  2 komodo dragons (Lair:1)
  8 blink frogs
  A meliai zombie (D:8)
  3 hippogriffs
  15 yaks
  A spriggan (D:7)
  A wraith (Ossuary)
  A hungry ghost (D:9)
  8 water moccasins
  6 porcupines
  2 hell hounds (D:9)
  5 sky beasts
  2 black bears
  5 orc warriors
  3 phantoms
  4 ice beasts
  5 ogres
  3 wolves (Lair:1)
  3 centaurs
  3 crocodiles
  A big kobold (D:4)
  9 bullfrogs
  5 scorpions
  A killer bee (D:8)
  6 howler monkeys
  4 crimson imps
  A bullfrog zombie (D:5)
  2 hounds
  3 iron imps (D:6)
  A jelly (D:8)
  3 orc priests
  5 orc wizards
  3 iguanas
  Jessica (D:3)
  8 worker ants
  A big kobold zombie (Ossuary)
  3 mummies (Ossuary)
  2 hound skeletons
  Robin (D:3)
  5 adders
  4 oozes
  An adder skeleton (D:7)
  5 worms
  A dart slug (D:2)
  8 leopard geckos
  39 orcs
  2 ball pythons
  11 bats
  8 giant cockroaches
  14 goblins
  6 hobgoblins
  10 jackals
  9 kobolds
  4 quokkas
  A ball python zombie (D:5)
  6 frilled lizards
  2 goblin zombies (Ossuary)
  3 hobgoblin zombies (Ossuary)
  5 kobold zombies (Ossuary)
  A quokka skeleton (D:5)
  13 rats
  2 fungi (Lair:2)
313 creatures vanquished.

Vanquished Creatures (others)
  A kobold demonologist (D:8)
  An orc warrior (D:8)
  A worker ant (D:8)
  An adder (D:8)
  2 leopard geckos (D:8)
  A bush (Lair:3)
  9 fungi
  A plant (Lair:2)
17 creatures vanquished.

Grand Total: 330 creatures vanquished

Notes
Turn   | Place    | Note
-------+----------+-------------------------------------------
     0 | D:1      | Dommiel19 the Minotaur Berserker began the quest for the Orb.
     0 | D:1      | Reached XP level 1. HP: 19/19 MP: 0/0
   109 | D:1      | Reached skill level 4 in Axes
   503 | D:1      | Reached XP level 2. HP: 26/27 MP: 1/1
   835 | D:1      | Reached XP level 3. HP: 33/33 MP: 2/2
   936 | D:1      | Reached ** piety under Trog
  1046 | D:1      | Reached skill level 5 in Axes
  1670 | D:2      | Reached XP level 4. HP: 40/40 MP: 3/3
  2029 | D:3      | Noticed Jessica
  2033 | D:3      | Noticed a phantom
  2035 | D:3      | Killed Jessica
  2041 | D:3      | Killed a phantom
  2041 | D:3      | Reached skill level 5 in Fighting
  2041 | D:3      | Reached skill level 6 in Axes
  2041 | D:3      | Reached XP level 5. HP: 48/48 MP: 4/4
  2263 | D:3      | Reached *** piety under Trog
  2276 | D:3      | Noticed a phantom
  2279 | D:3      | Found a stormy altar of Qazlal.
  2614 | D:3      | Noticed Robin
  2618 | D:3      | Killed Robin
  2618 | D:3      | Reached skill level 7 in Axes
  2674 | D:3      | Killed a phantom
  2674 | D:3      | Reached XP level 6. HP: 56/56 MP: 5/5
  3139 | D:4      | Found an opulent altar of Gozag.
  3139 | D:4      | Found a sparkling altar of Nemelex Xobeh.
  3282 | D:4      | Found a glowing silver altar of Zin.
  3484 | D:4      | Found a radiant altar of Vehumet.
  3516 | D:4      | Reached skill level 8 in Axes
  3578 | D:4      | Reached XP level 7. HP: 64/64 MP: 6/6
  4266 | D:5      | Entered Level 5 of the Dungeon
  4283 | D:5      | Reached skill level 9 in Axes
  4294 | D:5      | Found a glowing golden altar of the Shining One.
  4344 | D:5      | Found a runed door.
  4423 | D:5      | Found a radiant altar of Vehumet.
  4580 | D:5      | Reached XP level 8. HP: 63/73 MP: 7/7
  4582 | D:5      | Reached **** piety under Trog
  4592 | D:5      | Found a blossoming altar of Fedhas.
  4595 | D:5      | Reached skill level 10 in Axes
  5084 | D:5      | Reached skill level 11 in Axes
  5343 | D:5      | Found a roughly hewn altar of Beogh.
  5885 | D:6      | Reached XP level 9. HP: 82/82 MP: 8/8
  6033 | D:6      | Reached skill level 12 in Axes
  6059 | D:6      | Found a sacrificial altar of Ru.
  6059 | D:6      | Found an ancient bone altar of Kikubaaqudgha.
  6128 | D:6      | Found a burning altar of Makhleb.
  6536 | D:7      | Reached ***** piety under Trog
  6547 | D:7      | Noticed a two-headed ogre
  6853 | D:7      | Found an iron altar of Okawaru.
  7145 | D:7      | Found a sand-covered staircase.
  7165 | Ossuary  | Entered an ossuary
  7429 | Ossuary  | Reached skill level 13 in Axes
  7536 | D:7      | Found a staircase to the Ecumenical Temple.
  7903 | D:7      | Reached skill level 10 in Fighting
  8013 | D:7      | Killed a two-headed ogre
  8013 | D:7      | Reached skill level 5 in Armour
  8013 | D:7      | Reached XP level 10. HP: 93/93 MP: 9/9
  8180 | D:8      | Found a shimmering altar of Xom.
  8283 | D:8      | Reached skill level 14 in Axes
  8305 | D:8      | Noticed a cyclops
  8323 | D:8      | Killed a cyclops
  8349 | D:8      | Noticed a two-headed ogre
  8355 | D:8      | Killed a two-headed ogre
  9134 | D:9      | Found a staircase to the Lair.
  9603 | Lair:1   | Entered Level 1 of the Lair of Beasts
  9616 | Lair:1   | Reached skill level 15 in Axes
  9719 | Lair:1   | HP: 3/96 [komodo dragon (12)]
 10289 | Lair:1   | Reached XP level 11. HP: 102/102 MP: 10/10
 10495 | Lair:1   | Got an ebony halberd
 10496 | Lair:1   | Identified the +4 halberd of Bettie {venom, MR+ Dex+5} (You found it on level 1 of the Lair of Beasts)
 11147 | Lair:2   | Noticed Sonja
 11770 | Lair:2   | Reached skill level 16 in Axes
 12014 | Lair:2   | Noticed timpakay's ghost (journeyman OpEn)
 12056 | Lair:2   | Killed timpakay's ghost
 12176 | Lair:2   | Noticed Nergalle
 12810 | Lair:2   | Killed Nergalle
 13919 | Lair:2   | Reached XP level 12. HP: 113/113 MP: 11/11
 14069 | Lair:3   | Noticed a six-headed hydra
 14084 | Lair:3   | Reached skill level 17 in Axes
 14101 | Lair:3   | Killed a 14-headed hydra
 14353 | Lair:2   | Noticed a four-headed hydra
 14361 | Lair:2   | Killed an eight-headed hydra
 14533 | Lair:3   | Cast into level 2 of the Abyss (Sonja)
 14629 | Abyss:2  | Demolished by a large abomination

Skill      XL: |  1  2  3  4  5  6  7  8  9 10 11 12 |
---------------+-------------------------------------+-----
Axes           | 4 5 6 7 8 9 11 13 15 16 17 | 17.3
Fighting       | 4 5 6 7 8 10 11 12 | 12.9
Armour         | 5 7 9 |  9.8
Dodging        | |  2.1

Action                   |  1- 3 |  4- 6 |  7- 9 | 10-12 || total
-------------------------+-------+-------+-------+-------++-------
Melee: Hand axe          |   118 |    84 |       |       ||   202
       Headbutt          |    14 |    20 |    51 |    70 ||   155
       War axe           |       |    20 |   206 |       ||   226
       Broad axe         |       |       |   136 |   358 ||   494
Invok: Berserk           |       |     3 |     2 |     8 ||    13
  Use: Scroll            |       |     8 |     3 |     6 ||    17
       Potion            |       |     3 |     1 |    11 ||    15
 Stab: Confused          |       |       |       |     1 ||     1
       Invisible         |       |       |       |     1 ||     1
  Eat: Chunk             |     2 |     5 |     4 |     9 ||    20
       Bread ration      |       |     1 |     2 |     4 ||     7
       Royal jelly       |       |       |     1 |     2 ||     3
       Fruit             |       |       |       |     2 ||     2
       Meat ration       |       |       |       |     1 ||     1
Armor: Animal skin       |    22 |    11 |       |       ||    33
       Chain mail        |       |    15 |    47 |       ||    62
       Plate armour      |       |       |    94 |   242 ||   336
       Skin              |       |       |       |     5 ||     5
Dodge: Dodged            |    82 |    50 |    82 |   152 ||   366
